 Dungeon Crawl Stone Soup version 0.31-a0-1343-gcd514f47d3 (webtiles) character file.

Game seed: 11897589348419201380

3068 Impy the Trooper (level 9, -4/80 HPs)
             Began as an Armataur Fighter on Dec 22, 2023.
             Slain by a yak (7 damage)
             ... on level 7 of the Dungeon.
             The game lasted 00:10:51 (6137 turns).

Impy the Trooper (Armataur Fighter)                 Turns: 6137, Time: 00:10:51

Health: -4/80      AC: 10    Str: 26    XL:     9   Next: 58%
Magic:  9/9        EV:  7    Int:  9    God:
Gold:   386        SH:  5    Dex:  9    Spells: 8/8 levels left

rFire   + . .        g - +2 hand axe (elec)
rCold   . . .        c - +0 buckler
rNeg    . . .        o - +0 scale mail {rF+}
rPois   .            r - +0 helmet
rElec   .            e - +0 cloak
rCorr   .            (no gloves)
SInv    .            (no barding)
Will    +....        (no amulet) Stlth
                     f - ring of willpower
HPRegen 0.33/turn    (no ring)
MPRegen 0.11/turn

%: roll
@: no status effects
A: large, deformed body, tough skin 3, armoured tail, roll 2
a: no special abilities


You were on level 7 of the Dungeon.
You visited 1 branch of the dungeon, and saw 7 of its levels.

You collected 386 gold pieces.

Inventory:

Hand Weapons
 a - a +1 war axe
 g - a +2 hand axe of electrocution (weapon)
Armour
 c - a +0 buckler (worn)
 e - a +0 cloak (worn)
 o - a +0 scale mail of fire resistance (worn)
 r - a +0 helmet (worn)
Jewellery
 f - a ring of willpower (left hand)
Wands
 m - a wand of flame (23)
 n - a wand of iceblast (7)
Scrolls
 b - a scroll of silence
 d - a scroll of poison
 j - a scroll of fog
 l - 2 scrolls of teleportation
 q - 2 scrolls of enchant weapon
 s - 2 scrolls of vulnerability
 t - a scroll of immolation
 u - a scroll of brand weapon
 x - a scroll of identify
Potions
 h - a potion of heal wounds
 i - 2 potions of resistance
 k - 3 potions of curing
 p - a potion of attraction
 v - a potion of enlightenment
 w - a potion of berserk rage


   Skills:
 + Level 7.7 Fighting
 + Level 6.6 Axes
 + Level 6.6 Armour
 - Level 7.5 Shields


You had 8 spell levels left.
You didn't know any spells.
Your spell library contained the following spells:

 Spells                   Type           Power      Damage    Failure   Level
 Call Canine Familiar     Summ           0%         N/A       96%         3
 Sigil of Binding         Hex            0%         N/A       96%         3
 Tukima's Dance           Hex            0%         N/A       96%         3
 Dimensional Bullseye     Hex/Tloc       0%         N/A       100%        4
 Iskenderun's Mystic Bla  Conj/Tloc      0%         2d3       100%        4


Dungeon Overview and Level Annotations

Branches:
Dungeon (7/15)             Temple (0/1) D:7

Altars:
Ashenzari
Dithmenos
Hepliaklqana
Makhleb
Sif Muna
Trog
Vehumet
Xom


Innate Abilities, Weirdness & Mutations

Armour fits poorly on your strangely shaped body.
You have extremely tough skin. (AC +3)
You have a long armoured tail.
You regenerate magic and health when rolling toward enemies. (Rampage Regen)


Message History

The yak is heavily wounded.
The yak gores you but does no damage.
You closely miss the yak.
Your tail-slap misses the yak.
The yak is heavily wounded.
The yak closely misses you.
You hit the yak but do no damage.
The yak is heavily wounded.
The yak gores you.
You hit the yak but do no damage.
The yak is heavily wounded.
The yak gores you.
You slash the yak!
The yak is almost dead.
A yak comes into view.
The yak gores you.
The yak bellows!
You hit the yak. Lightning courses through the yak!
You kill the yak!
The orc priest invokes the aid of Beogh against you.
You easily resist.
You hit the yak.
The yak is lightly wounded.
The yak gores you.
You hit the yak.
The yak is lightly wounded.
A centaur comes into view.
The orc priest calls down the wrath of Beogh upon you.
Beogh smites you! The yak gores you.
The centaur shouts!
You hit the yak but do no damage.
The yak is lightly wounded.
The orc priest invokes the aid of Beogh against you.
Beogh smites you!
* * * LOW HITPOINT WARNING * * *
The yak gores you!
* * * LOW HITPOINT WARNING * * *
You hit the yak.
The yak is lightly wounded.
The yak gores you!
You die...

.......... .
.#[..>...# .#
............#
.......#..#
........##
Y#.#.#Y#.#...#
..ooY.?.oo...#
Y.#..#'#Y#...#
# #@#...#
#.#...#
#.....#
#.....#
#....## #.####
#. #.# #.
##.#######
#.####
#.........


You could see 2 yaks and 2 orc priests.

Vanquished Creatures
  Pikel (D:5)
  Grinder (D:3)
  A yak (D:7)
  2 water moccasins (D:6)
  Edmund (D:6)
  An orc warrior (D:6)
  3 ice beasts (D:6)
  An ogre (D:6)
  A centaur (D:5)
  A lemure (D:5)
  A phantom (D:5)
  Blork the orc (D:5)
  3 bullfrogs
  A gnoll sergeant (D:5)
  2 scorpions
  A wight (D:6)
  A howler monkey (D:7)
  A crimson imp (D:3)
  6 hounds
  5 jellies (D:6)
  Crazy Yiuf (D:5)
  An orc priest (D:3)
  Jessica (D:2)
  3 iguanas
  A sleepcap (D:6)
  Robin (D:3)
  9 gnolls
  7 adders
  3 ufetubi (D:6)
  2 worms (D:4)
  3 dart slugs
  5 orcs
  8 ball pythons
  9 bats
  5 endoplasms
  A giant cockroach (D:1)
  12 goblins
  11 hobgoblins
  13 jackals
  A quokka (D:3)
  7 frilled lizards
  5 kobolds
  6 rats
150 creatures vanquished.

Notes
Turn   | Place    | Note
-------+----------+-------------------------------------------
     0 | D:1      | Impy the Armataur Fighter began the quest for the Orb.
     0 | D:1      | Reached XP level 1. HP: 18/18 MP: 1/1
   130 | D:1      | Reached XP level 2. HP: 25/25 MP: 2/2
   335 | D:1      | Reached XP level 3. HP: 31/31 MP: 3/3
   601 | D:2      | Identified the +3 robe of the Winnowing Gods {Harm}
   709 | D:2      | Reached XP level 4. HP: 38/38 MP: 4/4
  1039 | D:2      | Noticed Jessica
  1046 | D:2      | Killed Jessica
  1047 | D:2      | Reached XP level 5. HP: 22/46 MP: 5/5
  1615 | D:3      | Noticed Robin
  1622 | D:3      | Killed Robin
  1693 | D:3      | Found a shimmering blue altar of Sif Muna.
  1744 | D:3      | Found a burning altar of Makhleb.
  1751 | D:3      | Found a radiant altar of Vehumet.
  1949 | D:3      | Reached skill level 5 in Shields
  2024 | D:3      | Reached XP level 6. HP: 47/52 MP: 6/6
  2201 | D:3      | Noticed Grinder
  2207 | D:3      | Paralysed by Grinder for 5 turns
  2219 | D:3      | Killed Grinder
  2889 | D:4      | Identified the +9 dagger of Fear {heavy, rF+ rCorr}
  3023 | D:4      | Gained mutation: You regenerate magic and health when
                  | rolling toward enemies. (Rampage Regen) [Armataur growth]
  3023 | D:4      | Reached XP level 7. HP: 58/60 MP: 7/7
  3405 | D:5      | Entered Level 5 of the Dungeon
  3456 | D:5      | Reached skill level 5 in Fighting
  3496 | D:5      | Found a broken altar of Ashenzari.
  3533 | D:5      | Found a bloodstained altar of Trog.
  3634 | D:5      | Identified the +6 dagger of War {holy, Int+5}
  4025 | D:5      | Reached XP level 8. HP: 64/69 MP: 8/8
  4052 | D:5      | Noticed Blork the orc
  4061 | D:5      | Killed Blork the orc
  4197 | D:5      | Found a runed translucent door.
  4198 | D:5      | Noticed Crazy Yiuf
  4209 | D:5      | Killed Crazy Yiuf
  4374 | D:5      | Noticed Pikel
  4400 | D:5      | Killed Pikel
  4401 | D:5      | Reached skill level 5 in Axes
  5228 | D:6      | Reached XP level 9. HP: 72/78 MP: 9/9
  5235 | D:6      | Reached skill level 5 in Armour
  5499 | D:6      | Found a shadowy altar of Dithmenos.
  5503 | D:6      | Noticed Edmund
  5515 | D:6      | Killed Edmund
  5928 | D:6      | Found a hazy altar of Hepliaklqana.
  5929 | D:6      | Found a shimmering altar of Xom.
  5930 | D:6      | Noticed a spectral ugly thing
  6121 | D:7      | Found a staircase to the Ecumenical Temple.
  6136 | D:7      | HP: 3/80 [yak (13)]
  6137 | D:7      | Slain by a yak

Illustrated notes

Levels and vault maps discovered:
D:1:      spicycebolla_arrival_xxxplode, layout_basic, minmay_tromino_i4
D:2:      layout_basic, kennysheep_minor_cross, uniq_jessica
D:3:      layout_loops_ring, mainiacjoe_overflow_surrounded_room,
          grunt_temple_overflow_lords_of_destruction, minmay_cut_off,
          uniq_robin, uniq_grinder
D:4:      layout_loops_cross
D:5:      layout_basic, mainiacjoe_overflow_concentric_impassable,
          trog_three_pillars_becter, hangedman_decor_opposing,
          uniq_blork_the_orc, uniq_crazy_yiuf_cottage, uniq_pikel
D:6:      minmay_spotlight, layout_loops_ring, regret_index_temple_of_mockery,
          nicolae_dithmenos_shadow_blocks, minmay_joined_circles, uniq_edmund
D:7:      layout_basic, mainiacjoe_overflow_six_doors_small,
          minmay_temple_entry_glass, serial_demonic, serial_demonic_g,
          serial_demonic_f, serial_demonic_e, serial_demonic_c,
          serial_demonic_d, serial_demonic_g, corexii_checkpoint,
          solitary_fountain, grunt_ministairs_13

Skill      XL: |  1  2  3  4  5  6  7  8  9 |
---------------+----------------------------+-----
Fighting       | 3 4 5 6 7 |  7.7
Axes           | 2 3 4 5 6 |  6.6
Shields        | 4 5 6 7 |  7.5
Armour         | 4 6 |  6.6

Action                     |  1- 3 |  4- 6 |  7- 9 || total
---------------------------+-------+-------+-------++-------
  Melee: War axe           |    59 |       |       ||    59
         Tailslap          |     7 |    13 |    31 ||    51
         Hand axe          |    26 |   130 |   213 ||   369
    Use: Scroll            |     4 |     7 |     7 ||    18
         Potion            |       |     2 |     1 ||     3
 Armour: Scale mail        |    65 |   113 |   156 ||   334
  Dodge: Dodged            |    32 |    42 |    46 ||   120
  Block: Buckler           |    19 |    26 |    45 ||    90

Table legend: (Time is in decaauts)
 A = Elapsed time spent in this place.
 B = Non-inter-level travel time spent in this place.
 C = Inter-level travel time spent in this place.
 D = Time resting spent in this place.
 E = Time spent auto-exploring this place.
 F = Levels seen in this place.
 G = Mean time per level.
                   A        B        C        D        E       F      G
               +--------+--------+--------+--------+--------+-----+--------+
         Total |   6199 |   5957 |    242 |     72 |   4935 |   7 |  885.6 |
       Dungeon |   6199 |   5957 |    242 |     72 |   4935 |   7 |  885.6 |
               +--------+--------+--------+--------+--------+-----+--------+

Top non-repeatable levels by time:
     D:5: 1374 daAuts
     D:6: 1316 daAuts
     D:3: 1029 daAuts
     D:2: 1020 daAuts
     D:4: 798 daAuts
     D:1: 610 daAuts
     D:7: 49 daAuts
